 Dungeon Crawl Stone Soup version 0.27-b1-23-g44b8eac545 (webtiles) character file.

Game seed: 718000720920904382

736 ZARRMARR the Cudgeller (level 7, -1/60 HPs)
             Began as a Minotaur Fighter on July 28, 2021.
             Was an Initiate of Trog.
             Slain by an ogre (25 damage)
             ... on level 5 of the Dungeon.
             The game lasted 00:30:50 (4879 turns).

ZARRMARR the Cudgeller (Minotaur Fighter)           Turns: 4879, Time: 00:30:51

Health: -1/60      AC:  7    Str: 21    XL:     7   Next: 46%
Magic:  6/6        EV:  8    Int:  5    God:    Trog [......]
Gold:   181        SH: 10    Dex: 11    Spells: 6/6 levels left

rFire    . . .     SeeInvis .   a - +0 flail
rCold    . . .     Faith    .   c - +0 kite shield
rNeg     . . .     Spirit   .   b - +0 scale mail
rPois    .         Reflect  .   (helmet restricted)
rElec    .         Harm     .   (no cloak)
rCorr    .         Rampage  .   (no gloves)
Will     .....                  (no boots)
Stlth    ..........             (no amulet)
HPRegen  0.20/turn              (no ring)
MPRegen  0.10/turn              (no ring)

@: no status effects
A: horns 2, retaliatory headbutt
a: Renounce Religion


You were on level 5 of the Dungeon.
You worshipped Trog.
Trog was noncommittal.
You visited 2 branches of the dungeon, and saw 6 of its levels.

You collected 181 gold pieces.

Inventory:

Hand Weapons
 a - a +0 flail (weapon)
 d - a +2 spear of venom
 i - a +1 short sword of venom
 l - a +2 short sword of draining
Missiles
 e - 71 stones
 m - 26 poisoned darts (quivered)
 q - 8 atropa-tipped darts
Armour
 b - a +0 scale mail (worn)
 c - a +0 kite shield (worn)
Jewellery
 h - a ring of wizardry
Wands
 o - a wand of polymorph (9)
Scrolls
 g - a scroll of brand weapon
 j - a scroll of noise
 k - a scroll of fear
Potions
 f - a potion of curing
 n - a potion of haste
 p - a potion of berserk rage


   Skills:
 + Level 4.9 Fighting
 + Level 5.9 Maces & Flails
 + Level 3.3 Throwing
 + Level 5.6 Armour
 + Level 2.1 Dodging
 + Level 0.1 Stealth
 + Level 4.9 Shields


You had 6 spell levels left.
You didn't know any spells.
Your spell library was empty.

Dungeon Overview and Level Annotations

Branches:
Dungeon (5/15)             Temple (1/1) D:5

Altars:
Ashenzari
Dithmenos
Elyvilon
Fedhas
Gozag
Nemelex Xobeh
Okawaru
Ru
Sif Muna
Trog
Uskayaw
Vehumet
Yredelemnul

Shops:
D:1 *

Annotations:
D:4 1 runed translucent door, Crazy Yiuf


Innate Abilities, Weirdness & Mutations

You have a pair of horns on your head.
You reflexively headbutt those who attack you in melee.


Message History

You climb upwards.
Welcome back to the Dungeon!
There is a staircase to the Ecumenical Temple here.
You now have 181 gold pieces (gained 18).
Found a stone staircase leading down.
Found a stone staircase leading up.
An iguana and an ogre come into view.
The iguana hisses angrily.
Okay, then.
Throw: 27 darts (poison)
Press: ? - help, Q - select action, (/) - cycle Shift-Dir - straight line, f - iguana
Aim: an iguana (63% to hit)
You throw a poisoned dart.
The poisoned dart barely misses the iguana.
Hit: a) +0 flail
Press: ? - help, Dir - move target, f/p - iguana
Aim: an iguana (about 39% to evade your +0 flail)
You thump the iguana!
The iguana is heavily wounded.
The iguana bites you!
Hit: a) +0 flail
Press: ? - help, Dir - move target, f/p - iguana
Aim: an iguana (heavily wounded, about 39% to evade your +0 flail)
You barely miss the iguana.
The iguana is heavily wounded.
The iguana bites you!
Hit: a) +0 flail
Press: ? - help, Dir - move target, f/p - iguana
Aim: an iguana (heavily wounded, about 39% to evade your +0 flail)
You hit the iguana.
The iguana is heavily wounded.
The iguana closely misses you. You block the iguana's attack.
You completely miss the ogre.
The ogre hits you with a +0 giant spiked club!!
You hit the ogre.
The ogre is moderately wounded.
You block the ogre's attack.
You hit the ogre.
The ogre is heavily wounded.
The ogre hits you with a +0 giant spiked club!!
You die...

#...P.P##.##.#
##..........#.#
.........###...#
.##......##..######
#...........<.....
#.....###.........
#.................
#.#+#..###........
#. #@...#......##
#O##.#.>....#
.....(.l...#.......
...........########
..........##
..........#
...........
...........#
..........##


You could see an ogre and an iguana.

Vanquished Creatures
  Menkaure (D:4)
  A water moccasin (D:4)
  A black bear (D:4)
  2 scorpions (D:4)
  A bullfrog skeleton (D:5)
  Jessica (D:3)
  3 iguanas
  Robin (D:2)
  4 gnolls (D:5)
  2 adders
  An ufetubus (D:5)
  A worm (D:2)
  3 dart slugs (D:4)
  6 ball pythons
  6 endoplasms
  2 giant cockroaches (D:2)
  15 goblins
  15 hobgoblins
  8 jackals
  4 kobolds
  6 bats
  2 frilled lizards
  6 rats
92 creatures vanquished.

Vanquished Creatures (others)
  6 fungi (D:4)
  10 plants (D:3)
16 creatures vanquished.

Grand Total: 108 creatures vanquished

Notes
Turn   | Place    | Note
-------+----------+-------------------------------------------
     0 | D:1      | ZARRMARR the Minotaur Fighter began the quest for the Orb.
     0 | D:1      | Reached XP level 1. HP: 19/19 MP: 0/0
    53 | D:1      | Reached XP level 2. HP: 13/27 MP: 1/1
   313 | D:1      | Found Muipinkoc's Assorted Antiques.
   451 | D:1      | Found a faded altar of an unknown god.
   739 | D:2      | Reached XP level 3. HP: 32/33 MP: 2/2
  1137 | D:2      | Noticed Robin
  1154 | D:2      | Reached skill level 1 in Throwing
  1162 | D:2      | Killed Robin
  1163 | D:2      | Reached XP level 4. HP: 19/41 MP: 3/3
  1164 | D:2      | Reached skill level 1 in Dodging
  1854 | D:3      | Noticed Jessica
  1859 | D:3      | Killed Jessica
  2137 | D:3      | Reached XP level 5. HP: 47/47 MP: 4/4
  2211 | D:3      | Found a radiant altar of Vehumet.
  2926 | D:4      | Reached XP level 6. HP: 46/53 MP: 5/5
  2990 | D:4      | Found a runed translucent door.
  2991 | D:4      | Noticed Crazy Yiuf
  3063 | D:4      | Noticed a water moccasin
  3078 | D:4      | Killed a water moccasin
  3079 | D:4      | Reached skill level 5 in Maces & Flails
  3082 | D:4      | HP: 2/53 [poisoned by a water moccasin]
  3624 | D:4      | Reached skill level 5 in Armour
  3995 | D:4      | Reached XP level 7. HP: 60/60 MP: 6/6
  4116 | D:4      | Noticed Menkaure
  4121 | D:4      | Killed Menkaure
  4438 | D:5      | Entered Level 5 of the Dungeon
  4751 | D:5      | Found a staircase to the Ecumenical Temple.
  4760 | Temple   | Entered the Ecumenical Temple
  4827 | Temple   | Became a worshipper of Ru the Awakened
  4839 | Temple   | Fell from the grace of Ru
  4839 | Temple   | Became a worshipper of Trog the Wrathful
  4879 | D:5      | Slain by an ogre

Illustrated notes

Levels and vault maps discovered:
D:1:      amcnicky_arrival_choice, layout_rooms, serial_shops, shop,
          ebering_ecumenical_altar_webs
D:2:      layout_rooms, lemuel_another_geyser, uniq_robin
D:3:      layout_loops_ring, mainiacjoe_overflow_cross_hatched,
          serial_bayou_lake_a, uniq_jessica
D:4:      layout_basic, serial_aquarium, aquarium_bridge_straight
          [aquarium_subvault_bridge, aquarium_subvault_wall,
          aquarium_subvault_bridge, aquarium_subvault_balcony],
          aquarium_window_fake, aquarium_window_3, aquarium_view_2b,
          aquarium_view_2g, aquarium_balcony_5a, aquarium_pool_split,
          uniq_menkaure, uniq_crazy_yiuf_cottage
D:5:      layout_basic, minmay_temple_entry_gardened_gates,
          grunt_decor_mini_mirrors
Temple:   nicolae_temple_x_marks_the_god

Skill      XL: |  1  2  3  4  5  6  7 |
---------------+----------------------+-----
Fighting       | 4 |  4.9
Armour         | 4 5 |  5.6
Maces & Flails | 3 4 5 |  5.9
Throwing       | 1 2 3 |  3.3
Shields        | 4 |  4.9
Dodging        | 1 2 |  2.1
Stealth        | |  0.1

Action                   |  1- 3 |  4- 6 |  7- 9 || total
-------------------------+-------+-------+-------++-------
Melee: Flail             |   103 |   103 |    25 ||   231
       Headbutt          |    20 |    15 |     2 ||    37
Throw: Stone             |    80 |    61 |     2 ||   143
       Dart              |       |     5 |    14 ||    19
  Use: Scroll            |     2 |     2 |     1 ||     5
       Potion            |       |     3 |     1 ||     4
Armor: Scale mail        |    74 |    28 |     7 ||   109
Dodge: Dodged            |    39 |    34 |     6 ||    79
Block: Kite shield       |    63 |    46 |    17 ||   126
